[Event "*** Titled Tuesday Blitz"]
[Site "Chess.com"]
[Date "2018.11.06"]
[Round "1"]
[White "GhostOfGreenval"]
[Black "JosefineHeinemann"]
[Result "1/2-1/2"]
[WhiteElo "2703"]
[BlackElo "2354"]
[TimeControl "180+2"]
[EndTime "13:08:15 PST"]
[Termination "Game drawn by repetition"]

1. d4 Nf6 2. c4 g6 3. Nc3 d5 4. cxd5 Nxd5 5. Na4 Bg7 6. Nf3 O-O 7. e4 Nb6 8. Be3 Nxa4 9. Qxa4 c5 10. Be2 cxd4 11. Nxd4 Bd7 12. Qb3 Nc6 13. Nf3 Qa5+ 14. Bd2 Qc7 15. Rc1 Rac8 16. O-O Rfd8 17. Ng5 e6 18. Be3 Qb8 19. Rfd1 Be8 20. Qa3 Qe5 21. Rxd8 Rxd8 22.
f4 Qxb2 23. Qxb2 Bxb2 24. Rb1 Bd4 25. Kf2 b6 26. Nf3 Bxe3+ 27. Kxe3 Na5 28. Rc1 f6 29. Rc7 Rd7 30. Rc8 Kf7 31. Nd4 Re7 32. e5 fxe5 33. fxe5 Ba4 34. Bg4 h5 35. Bh3 Bd1 36. Rc1 Bg4 37.
Bxg4 hxg4 38. Kf4 Rd7 39. Nb5 Nb7 40. Kxg4 Nc5 41. Nd6+ Kg7 42. Ne8+ Kf7 43. Nd6+ Kg7 44. Ne8+ Kf7 45. Nd6+ 1/2-1/2

[Event "*** Titled Tuesday Blitz"]
[Site "Chess.com"]
[Date "2018.11.06"]
[Round "1"]
[White "Phelathegreat"]
[Black "VladDobrov"]
[Result "0-1"]
[WhiteElo "2354"]
[BlackElo "2718"]
[TimeControl "180+2"]
[EndTime "13:08:18 PST"]
[Termination "VladDobrov won by resignation"]

1. d4 Nf6 2. c4 e6 3. Nf3 b6 4. g3 Bb7 5. Bg2 g6 6. Nc3 Bg7 7. O-O O-O 8. Bg5 h6 9. Bf4 d6 10. Qd2 g5 11. Be3 Ne4 12. Nxe4 Bxe4 13. Rac1 Nd7 14. Rfd1 Qe7 15. c5 Nf6 16. cxd6 cxd6 17.
Qb4 Nd5 18. Qa3 Nxe3 19. Qxe3 Bd5 20. Qa3 Rac8 21. e3 Be4 22. Qa6 Rc7 23. Rc4 Bb7 24.
Qa4 Rxc4 25. Qxc4 Rc8 26. Qa4 Qc7 27. Nd2 Bxg2 28. Kxg2 Qb7+ 29. Kg1 d5 30. Kf1 g4 31. Ke2 b5 32. Qb3 a5 33. Qd3 a4 34. Nb1 h5 35.
Nc3 Rb8 36. Rc1 Bf8 37. a3 Bd6 38. e4 dxe4 39. Nxe4 Be7 40. f3 Rd8 41. fxg4 hxg4 42. Kf2 Qd5 43. Rd1 Qf5+ 44. Kg2 Qd5 45. Kf2 Qf5+ 46.
Kg2 Qg6 47. Re1 Qh5 48. Nf2 Qd5+ 49. Re4 f5 50. Qe2 fxe4 51. Qxg4+ Kf7 52. Qf4+ Qf5 53. Qxe4 Qxe4+ 54. Nxe4 Rxd4 55. Kf3 Rd3+ 56. Ke2 Rb3 0-1

[Event "*** Titled Tuesday Blitz"]
[Site "Chess.com"]
[Date "2018.11.06"]
[Round "1"]
[White "jacky72"]
[Black "Quiet_Desperation"]
[Result "1-0"]
[WhiteElo "2691"]
[BlackElo "2329"]
[TimeControl "180+2"]
[EndTime "13:08:18 PST"]
[Termination "jacky72 won by resignation"]

1. d4 Nf6 2. c4 e6 3. Nf3 d5 4. Nc3 Be7 5. Bg5 O-O 6. e3 b6 7. cxd5 Nxd5 8. Bxe7 Qxe7 9. Bd3 Bb7 10. O-O Nd7 11.
Rc1 c5 12. Bb1 cxd4 13. Nxd4 Rfd8 14. Ne4 Rac8 15. Qa4 N7f6 16. Nxf6+ gxf6 17. a3 f5 18. Nf3 e5 19. Bxf5 Rc7 20. Rxc7 Qxc7 21. Qg4+ Kf8 22.
Qh4 Rd6 23. Qxh7 Nf6 24. Qh8+ Ke7 25. Ng5 Qc6 26. e4 Ba6 27. Re1 Qc2 28. Qg7 Bc4 29.
Nf3 Rd1 30. Qg3 Qe2 31. Qxe5+ Be6 32. Qc3 Rxe1+ 33. Qxe1 Qxb2 34. Bxe6 fxe6 35. h4 Qxa3 36. e5 Ng4 37. Qb1 a5 38. Qh7+ Kd8 39. Qg8+ 1-0

[Event "*** Titled Tuesday Blitz"]
[Site "Chess.com"]
[Date "2018.11.06"]
[Round "1"]
[White "NateSolon"]
[Black "sandager"]
[Result "1-0"]
[WhiteElo "2515"]
[BlackElo "2114"]
[TimeControl "180+2"]
[EndTime "13:08:18 PST"]
[Termination "NateSolon won by resignation"]

1. e4 e5 2. Nf3 Nc6 3. Bc4 Bc5 4.
c3 Nf6 5. d3 d6 6. O-O h6 7. a4 a6 8. Re1 O-O 9. h3 Be6 10. Bxe6 fxe6 11. d4 exd4 12. cxd4 Bb4 13. Bd2 Bxd2 14. Nbxd2 Kh7 15. Qb3 Qe8 16. Rac1 Rb8 17.
e5 Nd5 18. exd6 cxd6 19. Ne4 Qg6 20. Nxd6 Nf4 21. Nh4 Qh5 22. Qg3 g5 23. Nf3 Nxh3+ 24. Qxh3 Qxh3 25. gxh3 Rxf3 26. Rxe6 Nxd4 27. Re7+ Kg6 28.
Kg2 Rb3 29. Rcc7 Rg8 30. Rxb7 Rxb7 31. Rxb7 h5 32. Rb6 h4 33. Nb5+ Kf5 34. Nxd4+ Ke4 35.
Nf3 g4 36. Nxh4 gxh3+ 37. Kxh3 a5 38.
Rb5 Rf8 39. f3+ Kd4 40. Rxa5 Kc4 41. Rf5 Rh8 42. a5 Kb3 43. a6 Kxb2 44. a7 Ra8 45. Ra5 Kb3 46. f4 Kb4 47. Ra1 Kb5 48. f5 Kc6 49. Kg4 Kb7 50. f6 Rf8 51. a8=Q+ Rxa8 52. Rxa8 1-0

[Event "*** Titled Tuesday Blitz"]
[Site "Chess.com"]
[Date "2018.11.06"]
[Round "1"]
[White "m3alam"]
[Black "Lagmantr"]
[Result "0-1"]
[WhiteElo "2133"]
[BlackElo "2520"]
[TimeControl "180+2"]
[EndTime "13:08:19 PST"]
[Termination "Lagmantr won by resignation"]

1. d4 d5 2. Nf3 Nf6 3. c4 e6 4. g3 dxc4 5. Bg2 Bb4+ 6. Bd2 c5 7.
O-O O-O 8. dxc5 Bxc5 9. Qc2 Nc6 10. Qxc4 Qb6 11. Bc3 Nd5 12. b3 Bd7 13. Bb2 Rac8 14. Nc3 Nxc3 15. Qxc3 f6 16. Rad1 Rfd8 17. Bh3 Nb4 18. Qd2 Bb5 19. Bd4 Bxd4 20. Qxb4 Bxe2 21. Qxb6 Bxb6 22. Bxe6+ Kf8 23. Bxc8 Rxc8 24. Rc1 Rxc1 25. Rxc1 Bxf3 26. Rc8+ Ke7 27. Rg8 Kf7 28. Rh8 h6 29. h4 Bc6 30. Rb8 a5 31. a4 g5 32. hxg5 hxg5 33.
Kf1 Ke6 34. Rh8 Kd6 35. Rf8 Bd4 36. f4 gxf4 37. gxf4 Kc5 38. Ke2 Kb4 39. Kd3 Ba1 40. Kc2 Be4+ 41. Kd2 Kxb3 42. Re8 f5 0-1

[Event "*** Titled Tuesday Blitz"]
[Site "Chess.com"]
[Date "2018.11.06"]
[Round "1"]
[White "Alliswell998"]
[Black "nochewycandy"]
[Result "1-0"]
[WhiteElo "2560"]
[BlackElo "2204"]
[TimeControl "180+2"]
[EndTime "13:08:20 PST"]
[Termination "Alliswell998 won by resignation"]

1. e4 g6 2. Nc3 Bg7 3. f4 c5 4.
Nf3 Nc6 5. Bb5 Nd4 6. O-O a6 7. Bd3 d6 8. Nxd4 cxd4 9. Ne2 Nf6 10. Kh1 O-O 11. Nxd4 Nxe4 12. Bxe4 Bxd4 13. Qf3 Rb8 14. c3 Bg7 15. d4 b5 16. f5 d5 17. Bxd5 Bxf5 18.
g4 e6 19. Bb3 Re8 20. gxf5 exf5 21. Bf4 Rb6 22. Rae1 Rxe1 23. Rxe1 h6 24. Qe3 Kh7 25. Bxf7 g5 26. Be5 Qd7 27. Bxg7 Qxf7 28. Be5 Qxa2 29.
d5 Qxd5+ 30. Kg1 Re6 31. Qa7+ Kg6 32. Qd4 Qf3 33. Qd7 Qg4+ 34. Kf2 Rxe5 35. Qd6+ Kh5 36. Qxe5 Qh4+ 37. Kg1 Qg4+ 38. Qg3 Qc4 39. Qf3+ Kg6 40. Rd1 Qc5+ 41. Qf2 Qe5 42. Re1 Qd5 43. Qb6+ Kh5 44. Qd4 Qf3 45. Qd1 1-0

[Event "*** Titled Tuesday Blitz"]
[Site "Chess.com"]
[Date "2018.11.06"]
[Round "1"]
[White "ruvat"]
[Black "GadimbayliA"]
[Result "0-1"]
[WhiteElo "2301"]
[BlackElo "2638"]
[TimeControl "180+2"]
[EndTime "13:08:25 PST"]
[Termination "GadimbayliA won by resignation"]

1. d4 Nf6 2. c4 e6 3. g3 c5 4.
d5 exd5 5. cxd5 d6 6. Nc3 g6 7. Bg2 Bg7 8. Nf3 O-O 9. O-O Nbd7 10. Bf4 Nb6 11. a4 Nh5 12. Bg5 Bf6 13. Bd2 Nc4 14.
Bc1 Re8 15. Qb3 Na5 16. Qc2 Bf5 17. e4 Bd7 18. h3 Qb6 19. g4 Ng7 20. Bf4 a6 21. Rfe1 Nc4 22. b3 Ne5 23. Nxe5 Bxe5 24. Bxe5 Rxe5 25. Kh1 Rae8 26. f4 R5e7 27. Red1 h5 28.
g5 h4 29. Rab1 Nh5 30. Qf2 Ng3+ 31. Kh2 Qb4 32. Rd3 b5 33. Rxg3 hxg3+ 34. Qxg3 Qd4 35.
e5 dxe5 36. Rd1 exf4 37. Qf3 Qe3 38. Qg3 Qxg3+ 0-1

[Event "*** Titled Tuesday Blitz"]
[Site "Chess.com"]
[Date "2018.11.06"]
[Round "1"]
[White "JeremDev"]
[Black "Paparama_1917"]
[Result "1-0"]
[WhiteElo "2309"]
[BlackElo "2573"]
[TimeControl "180+2"]
[EndTime "13:08:29 PST"]
[Termination "JeremDev won on time"]

1. e4 c5 2. d4 cxd4 3. c3 Nf6 4. e5 Nd5 5. Nf3 d6 6. exd6 Qxd6 7. Nxd4 a6 8. g3 e5 9. Nc2 Nc6 10. Bg2 Be6 11.
O-O f5 12. Nd2 O-O-O 13. Nc4 Qc7 14. Qe2 Be7 15. N4e3 e4 16. Nxd5 Rxd5 17. Bf4 Qb6 18. Ne3 Rd3 19. h4 Rhd8 20. Rfd1 Qb5 21. Rxd3 Qxd3 22.
Qh5 Qb5 23. Qxh7 Qxb2 24. Rf1 Bc5 25. Qxg7 Qb6 26. h5 Rd7 27. Qh8+ Rd8 28. Qf6 Ne7 29. Bh3 Bxa2 30. Qxb6 Bxb6 31. Nxf5 Kd7 32. Nxe7+ Kxe7 33. Bg5+ Kf7 34. Ra1 Rg8 35. Bf4 Bc4 36. Rb1 Bc5 37. Rxb7+ Kf6 38. Rc7 e3 39. Rxc5 e2 40. Re5 1-0

[Event "*** Titled Tuesday Blitz"]
[Site "Chess.com"]
[Date "2018.11.06"]
[Round "1"]
[White "MikaelyanArman"]
[Black "abubakrtagelsir"]
[Result "1-0"]
[WhiteElo "2729"]
[BlackElo "2363"]
[TimeControl "180+2"]
[EndTime "13:08:36 PST"]
[Termination "MikaelyanArman won by resignation"]

1. e4 d6 2. d4 Nf6 3. Nc3 g6 4. Bf4 c6 5. Qd2 b5 6. a3 Bb7 7. f3 a6 8. O-O-O Qc7 9. e5 dxe5 10. dxe5 Nh5 11. Be3 e6 12. Ne4 Be7 13. g4 Ng7 14. Nd6+ Kf8 15. Bh6 Kg8 16. Nxb7 Qxb7 17. Qd8+ Bf8 18.
Nh3 Qe7 19. Ng5 Ne8 20. Bxf8 Kxf8 21. Ne4 Qxd8 22. Rxd8 Ke7 23. Rd2 Nd7 24. f4 Rd8 25.
Bg2 Nb6 26. Rxd8 Kxd8 27. Nc5 a5 28. Bxc6 b4 29. Rd1+ Kc7 30. Be4 bxa3 31. bxa3 Ng7 32. Rd6 Nc8 33. Rd7+ Kb6 34. Na4+ Kb5 35. Nc3+ Kc4 36.
Kb2 Nb6 37. Rxf7 Rb8 38. Bd3+ Kc5 39. Ne4+ Kd4 40. Kc1 Ne8 41. Kd2 Nd5 42. c3+ Nxc3 43. Nxc3 Rb2+ 44. Bc2 Rb6 45. Rd7+ Kc5 46. Na4+ Kc6 47.
Nxb6 1-0

[Event "*** Titled Tuesday Blitz"]
[Site "Chess.com"]
[Date "2018.11.06"]
[Round "1"]
[White "Elshan1985"]
[Black "ShadowJolteon"]
[Result "0-1"]
[WhiteElo "2705"]
[BlackElo "2374"]
[TimeControl "180+2"]
[EndTime "13:08:37 PST"]
[Termination "ShadowJolteon won by resignation"]

1. d4 Nf6 2. Nf3 d5 3. c4 e6 4. Nc3 Be7 5. Bf4 O-O 6. e3 c6 7.
Qc2 b6 8. Rc1 Bb7 9. cxd5 cxd5 10.
Be2 Nc6 11. O-O Nh5 12. Be5 f6 13. Bg3 Nxg3 14. hxg3 Rc8 15. Qa4 a6 16. Bxa6 Ra8 17.
Bxb7 Rxa4 18. Nxa4 Na7 19. Ba6 b5 20. Nc5 Qb6 21. Nd7 Qxa6 22. Nxf8 Bxf8 23. Rc7 Qxa2 24.
Rfc1 b4 25. b3 Nb5 26. Rc8 Nc3 27. Re1 Ne4 28. Rf1 Qxb3 29. Ra1 Qb2 30. Raa8 Qxf2+ 31. Kh2 Qxg3+ 32. Kg1 g5 33. Rxf8+ Kg7 34. Rg8+ Kh6 35. Ra1 Qf2+ 36. Kh1 b3 37. Rb8 b2 38. Rb1 g4 39.
R8xb2 Qxe3 40. Ne1 Qxd4 41. Rb3 Nf2+ 42. Kh2 Qe5+ 43.
Kg1 Ne4 44. Rd1 Qf5 45. Nd3 Qg5 46. Nf2 g3 47. Nxe4 dxe4 48. Re1 f5 49. Ree3 f4 50. Rxe4 Qc5+ 51. Kf1 Qc1+ 52. Re1 Qc4+ 0-1

[Event "*** Titled Tuesday Blitz"]
[Site "Chess.com"]
[Date "2018.11.06"]
[Round "1"]
[White "goingin33"]
[Black "Fins0905"]
[Result "0-1"]
[WhiteElo "2206"]
[BlackElo "2565"]
[TimeControl "180+2"]
[EndTime "13:08:37 PST"]
[Termination "Fins0905 won by resignation"]

1. e4 c5 2. Nf3 d6 3. d4 cxd4 4. Qxd4 Nc6 5. Bb5 Bd7 6. Bxc6 Bxc6 7. Bg5 Nf6 8. Nc3 e6 9. O-O-O Be7 10. Rhe1 O-O 11.
Qd2 Qc7 12. Nd4 a6 13. f3 Rac8 14. g4 b5 15. h4 b4 16. Nce2 a5 17. Bxf6 Bxf6 18.
g5 Be7 19. h5 Bd7 20. Kb1 a4 21. Rc1 a3 22. b3 d5 23. exd5 exd5 24. c4 bxc3 25.
Rxc3 Qa5 26. Qd3 Bxg5 27. f4 Bxf4 28. Rg1 Be5 29. h6 g6 30. Rxc8 Rxc8 31. Qe3 Re8 32. Rc1 Qb6 33. Qd2 Qf6 34. Qd3 Bg4 35. Rd1 Bxd4 36. Qxd4 Qxd4 37. Rxd4 Bxe2 38. Rxd5 f5 39. Ra5 f4 40. Rxa3 f3 41. Ra7 f2 42. Ra6 Bxa6 43.
Kb2 f1=Q 0-1

[Event "*** Titled Tuesday Blitz"]
[Site "Chess.com"]
[Date "2018.11.06"]
[Round "1"]
[White "PowerThinking2650"]
[Black "LastGladiator1"]
[Result "0-1"]
[WhiteElo "2295"]
[BlackElo "2637"]
[TimeControl "180+2"]
[EndTime "13:08:39 PST"]
[Termination "LastGladiator1 won by resignation"]

1. e4 c6 2. d4 d5 3. Nc3 dxe4 4.
Nxe4 Nd7 5. Ng5 Ngf6 6. Bd3 e6 7. N1f3 Bd6 8. Qe2 h6 9. Ne4 Nxe4 10. Qxe4 Qc7 11. Qg4 Kf8 12. Qe4 b6 13. Bd2 Bb7 14. Qe2 Rd8 15. O-O-O c5 16. Rhe1 Bf4 17. Be4 Bxe4 18.
Qxe4 Bxd2+ 19. Rxd2 Nf6 20. Qh4 Ke7 21. Red1 g5 22. Qg3 Qxg3 23. hxg3 Rc8 24. Re2 Rhd8 25. dxc5 Rxd1+ 26. Kxd1 Rxc5 27. c3 Kd6 28. Nd4 Nd5 29. f3 a5 30. a4 Rc4 31. Re4 Kd7 32. Nc2 Rxe4 33. fxe4 Nf6 34. e5 Ng4 35. Ke2 Nxe5 36. Ke3 h5 37. b3 f5 38. Nd4 Nc6 39. Kd3 Nxd4 40. Kxd4 Kd6 41. b4 e5+ 42. Kc4 Kc6 43. Kd3 h4 44. gxh4 gxh4 45. Ke3 Kd5 46. Kd3 e4+ 47. Ke3 Kc4 48. Kf4 Kxc3 49. bxa5 bxa5 50.
Kxf5 e3 51. Kg4 e2 52. Kxh4 e1=Q+ 0-1

[Event "*** Titled Tuesday Blitz"]
[Site "Chess.com"]
[Date "2018.11.06"]
[Round "1"]
[White "talento10"]
[Black "Rakhmanov_Aleksandr"]
[Result "0-1"]
[WhiteElo "2447"]
[BlackElo "2877"]
[TimeControl "180+2"]
[EndTime "13:08:40 PST"]
[Termination "Rakhmanov_Aleksandr won by resignation"]

1. e4 c5 2. Nf3 Nf6 3. Nc3 d5 4.
exd5 Nxd5 5. Bb5+ Bd7 6. Bxd7+ Qxd7 7. O-O Nc6 8. b3 Nxc3 9. dxc3 Qxd1 10. Rxd1 e6 11. Be3 Be7 12. Rd3 Rd8 13. Rad1 Rxd3 14. Rxd3 f6 15. Kf1 b6 16. Rd1 g5 17. Nd2 Kf7 18.
Nc4 Rd8 19. Rxd8 Bxd8 20. g4 Bc7 21. h3 h6 22. Ke2 f5 23. a3 Ne5 24. Nxe5+ Bxe5 25. Kd3 Ke7 26. b4 Bd6 27. Kc4 cxb4 28. cxb4 Kf6 29. Kb5 Ke5 30. c4 f4 31. Bc1 Ke4 32. c5 bxc5 33. bxc5 Bxc5 34. Kxc5 Kf3 35. Bb2 Kxf2 36.
Kd6 Kg2 37. Bd4 a6 38. Kxe6 Kxh3 39. Kf5 Kg3 40. a4 f3 41. Kg6 Kxg4 42. Kxh6 Kf4 43. Kg6 g4 44. a5 g3 45. Kh5 f2 0-1

[Event "*** Titled Tuesday Blitz"]
[Site "Chess.com"]
[Date "2018.11.06"]
[Round "1"]
[White "DonPreuss"]
[Black "ohusbands"]
[Result "0-1"]
[WhiteElo "2160"]
[BlackElo "2527"]
[TimeControl "180+2"]
[EndTime "13:08:42 PST"]
[Termination "ohusbands won by resignation"]

1. d4 Nf6 2. Nc3 d5 3. e4 dxe4 4. f3 exf3 5. Nxf3 c5 6. d5 g6 7.
Bc4 Bg7 8. O-O O-O 9. Qe1 Bf5 10.
Qh4 Nbd7 11. Bh6 Nb6 12. Bd3 Bxd3 13. cxd3 Nbxd5 14. Ng5 Nh5 15. Bxg7 Kxg7 16. Rf3 h6 17. Rxf7+ Rxf7 18. Ne6+ Kh7 19. Nxd8 Rxd8 20. Qc4 Nhf6 21. Rf1 Kg7 22. Qxc5 g5 23. Qxa7 Nf4 24. Ne4 Nxd3 25.
Nxf6 exf6 26. Qb6 Rdd7 27. a4 Nf4 28. a5 Rfe7 29. g3 Nd5 30. Qc5 Re5 31. Qd4 Rde7 32. b4 Ne3 33. Rf3 Nc2 34. Qb6 Ne1 35. Rf2 R5e6 36.
Qc5 g4 37. Qc4 h5 38. Qc3 Re5 39. Qb2 Nf3+ 40. Kg2 Re1 41. Rxf3 gxf3+ 42. Kxf3 R1e3+ 43. Kf4 R3e4+ 44. Kf3 Re3+ 45. Kf4 Re2 46. Qc3 Rf2+ 47. Qf3 Rxf3+ 48. Kxf3 Rc7 0-1

[Event "*** Titled Tuesday Blitz"]
[Site "Chess.com"]
[Date "2018.11.06"]
[Round "1"]
[White "wonderfultime"]
[Black "pastouche06"]
[Result "1-0"]
[WhiteElo "2837"]
[BlackElo "2432"]
[TimeControl "180+2"]
[EndTime "13:08:44 PST"]
[Termination "wonderfultime won by checkmate"]

1. d4 Nf6 2. Nf3 d5 3. Bf4 e6 4.
e3 Bd6 5. Bg3 O-O 6. Nbd2 c5 7.
c3 Qc7 8. Bd3 Nbd7 9. O-O b6 10.
Rc1 Bxg3 11. hxg3 e5 12. dxe5 Nxe5 13. Nxe5 Qxe5 14. Re1 Bb7 15. Qa4 a6 16. b4 Rfc8 17. bxc5 Rxc5 18. Qb4 Nd7 19. Nf3 Qc7 20. a4 Rc8 21.
Bf5 Rc4 22. Qb1 g6 23. Bxd7 Qxd7 24. Ne5 Qd6 25. Nxc4 dxc4 26. Rcd1 Qc6 27. e4 Qc5 28. Rd4 Re8 29. Qa2 b5 30. axb5 axb5 31. Qd2 Kg7 32.
Rd7 Bxe4 33. Re3 Re6 34. Rd4 Bf5 35. Rd5 Qa7 36. Rxe6 Bxe6 37. Rxb5 Qa1+ 38. Kh2 Qf1 39. Qd4+ Kh6 40. g4 Qc1 41. Rh5+ gxh5 42. Qf6# 1-0

[Event "*** Titled Tuesday Blitz"]
[Site "Chess.com"]
[Date "2018.11.06"]
[Round "1"]
[White "Vuk2000"]
[Black "wadsy27"]
[Result "1-0"]
[WhiteElo "2706"]
[BlackElo "2340"]
[TimeControl "180+2"]
[EndTime "13:08:45 PST"]
[Termination "Vuk2000 won by resignation"]

1. e4 c5 2. g3 e6 3. Bg2 Nc6 4. Ne2 a6 5. O-O Nf6 6. c3 d5 7.
exd5 Nxd5 8. d4 cxd4 9. Nxd4 Nxd4 10. Qxd4 Nf6 11. Qxd8+ Kxd8 12. Rd1+ Ke8 13. Be3 Bd7 14. Bxb7 Rb8 15. Bxa6 Rxb2 16. Bd4 Be7 17. Nd2 Bc6 18.
Nc4 Rb8 19. Rab1 Rxb1 20. Rxb1 Bd8 21. Rb8 Nd7 22. Rc8 Bd5 23. Bb5 Ke7 24. Bxg7 Rg8 25. Bd4 Bb7 26. Bxd7 Kxd7 27. Rc5 f6 28. Rh5 Rg7 29.
a4 Bf3 30. Rh6 e5 31. Bb6 Be7 32. Nd2 Bd5 33. a5 Ke6 34. a6 Bd6 35. Rh4 Bb8 36. Ra4 Ba7 37. Be3 Bxe3 38. fxe3 Ra7 39. Kf2 Kd6 40. e4 Be6 41. Ke3 Bc8 42. Nc4+ Kc5 43. Nb2 Bxa6 44. Nd3+ Kb6 45. Nb4 Bc8 46. Nd5+ Kb7 47.
Rxa7+ Kxa7 48. Nxf6 h6 49. Ng8 h5 50. Nf6 1-0

[Event "*** Titled Tuesday Blitz"]
[Site "Chess.com"]
[Date "2018.11.06"]
[Round "1"]
[White "Aklanion"]
[Black "FMJoseHerrera"]
[Result "0-1"]
[WhiteElo "2167"]
[BlackElo "2529"]
[TimeControl "180+2"]
[EndTime "13:08:45 PST"]
[Termination "FMJoseHerrera won by resignation"]

1. e4 c5 2. Nf3 e6 3. b3 b6 4. Bd3 Bb7 5. O-O d6 6. Bb2 Nd7 7. c4 Ngf6 8. Re1 Be7 9. Bc2 O-O 10.
d4 cxd4 11. Nxd4 Rc8 12. Nc3 a5 13. Ndb5 Nc5 14. Qe2 Ne8 15. Rad1 Bc6 16. Nd4 Bb7 17.
Qg4 Bf6 18. Ncb5 Qe7 19. Ba1 g6 20. Nf3 e5 21. h4 Ne6 22. g3 Bg7 23. Ng5 h5 24.
Qe2 Nxg5 25. hxg5 Bc6 26. Bd3 Bxb5 27. cxb5 Qxg5 28. Bc4 h4 29. Rd3 Nc7 30. Kg2 Ne6 31.
Bxe6 fxe6 32. Rxd6 hxg3 33. fxg3 Rf7 34. Rf1 Rfc7 35. Rc6 Rxc6 36. bxc6 Rxc6 37. Rf2 Kh7 38. Qb5 Rc1 39. Bb2 Rd1 40. Qxb6 Qh5 41. Rf1 Qe2+ 42. Qf2 Qxe4+ 43. Qf3 Rd2+ 44. Rf2 Qxf3+ 45. Kxf3 e4+ 46.
Kg2 Rxb2 47. Rxb2 Bxb2 48. Kf2 Bd4+ 49. Ke2 Kg7 0-1

[Event "*** Titled Tuesday Blitz"]
[Site "Chess.com"]
[Date "2018.11.06"]
[Round "1"]
[White "VerdeNotte"]
[Black "Vamostodorecto"]
[Result "1-0"]
[WhiteElo "2830"]
[BlackElo "2425"]
[TimeControl "180+2"]
[EndTime "13:08:52 PST"]
[Termination "VerdeNotte won by checkmate"]

1. Nf3 d5 2. b3 Nc6 3. Bb2 Bg4 4.
e3 e5 5. h3 Bxf3 6. Qxf3 a6 7.
g3 Nf6 8. Bg2 Be7 9. Nc3 e4 10.
Qe2 O-O 11. d3 exd3 12. Qxd3 d4 13. exd4 Nb4 14. Qd2 Qxd4 15. O-O-O Qxd2+ 16. Rxd2 Rab8 17. Re1 Rfe8 18. Rde2 Bc5 19. Rxe8+ Rxe8 20. Rxe8+ Nxe8 21. Bxb7 Nd6 22. Bg2 Bxf2 23. a3 a5 24. axb4 axb4 25. Nd5 Bxg3 26. Nxb4 h5 27. Nd5 Nf5 28. Be4 Nh4 29.
b4 f5 30. Ne7+ Kf7 31. Nxf5 Nxf5 32. Bxf5 g5 33. c4 Ke7 34. Kc2 Kd6 35. Kd3 Be1 36. Bc3 Bf2 37. Ke4 g4 38. hxg4 hxg4 39. Be5+ Kc6 40.
Bxg4 Be1 41. b5+ Kc5 42. Kd3 c6 43. Bd4+ Kd6 44. c5+ Kc7 45. bxc6 Kxc6 46. Kc4 Kc7 47. Bf3 Bg3 48. Kd5 Kc8 49. Be5 Bf2 50. Kc6 Bxc5 51. Kxc5 Kd7 52. Bd5 Ke7 53. Kc6 Kf8 54. Kd6 Ke8 55.
Bb7 Kf7 56. Kd7 Kg6 57. Ke6 Kg5 58. Bf3 Kh4 59. Bf4 Kh3 60. Kf5 Kh4 61. Be5 Kh3 62.
Kf4 Kh4 63. Bf6+ Kh3 64. Be4 Kh2 65. Kg4 Kg1 66. Kf3 Kh2 67. Bf5 Kg1 68. Bh3 Kh2 69.
Kg4 Kg1 70. Kg3 Kh1 71. Bg2+ Kg1 72. Bd4# 1-0

[Event "*** Titled Tuesday Blitz"]
[Site "Chess.com"]
[Date "2018.11.06"]
[Round "1"]
[White "Grieve72"]
[Black "KamilPlichta"]
[Result "1-0"]
[WhiteElo "2293"]
[BlackElo "2605"]
[TimeControl "180+2"]
[EndTime "13:09:04 PST"]
[Termination "Grieve72 won by resignation"]

1. d4 g6 2. Bd2 Bg7 3. Nf3 c5 4. e3 Nf6 5. Bd3 O-O 6. O-O d5 7. c3 b6 8. Re1 Nc6 9. b4 c4 10. Bc2 Bf5 11. a4 Bxc2 12. Qxc2 Ne4 13. Bc1 f5 14.
Nfd2 e6 15. f3 Nd6 16. Ba3 b5 17.
Kh1 e5 18. Bc1 Qh4 19. Qd1 exd4 20. exd4 Rfe8 21. Rf1 f4 22. axb5 Nf5 23. bxc6 Ng3+ 24.
Kg1 Re6 25. Re1 Rae8 26. Rxe6 Rxe6 27. c7 Re8 28. hxg3 fxg3 29. Nf1 Bf8 30. Rxa7 g5 31. Rb7 Bd6 32. Rb8 Rxb8 33. cxb8=Q+ Bxb8 34. Nbd2 Bf4 35. Qe2 Kf7 36. b5 h5 37. b6 g4 38. b7 Qd8 39. fxg4 h4 40. Qf3 Qf6 41. Qxd5+ Kg7 42. Qd7+ Kh6 43. Ne4 Qf8 44. g5+ Kh5 45. Nf6+ Kxg5 46.
Bxf4+ Kxf4 47. Qc7+ Kf5 48. Qe5+ Kg6 49. Qe8+ 1-0

[Event "*** Titled Tuesday Blitz"]
[Site "Chess.com"]
[Date "2018.11.06"]
[Round "1"]
[White "ahachess"]
[Black "MITerryble"]
[Result "0-1"]
[WhiteElo "2385"]
[BlackElo "2749"]
[TimeControl "180+2"]
[EndTime "13:09:08 PST"]
[Termination "MITerryble won by resignation"]

1. d4 e6 2. c4 Bb4+ 3. Bd2 c5 4. d5 Nf6 5. Nc3 O-O 6. Nf3 d6 7. g3 exd5 8. cxd5 Re8 9. Bg2 Na6 10. O-O Nc7 11. Bg5 h6 12. Bd2 Ncxd5 13. Nxd5 Nxd5 14. a3 Bxd2 15. Qxd2 Nf6 16. Rfd1 d5 17. e3 Be6 18. b4 b6 19. Rac1 Rc8 20. Qb2 Qe7 21.
Ne1 Bg4 22. Rd2 d4 23. Nc2 Ne4 24. Bxe4 Qxe4 25. exd4 Bh3 26. Ne3 cxd4 27. Rxc8 Rxc8 28. Rxd4 Qb7 29. Qd2 Qc7 30. f3 Be6 31. Kf2 Re8 32. h4 Qc6 33. Rd8 Rxd8 34. Qxd8+ Kh7 35. Qd3+ Kg8 36. Ng4 Qc7 37. Qe2 Qc3 38. Ne5 Qxa3 39.
b5 Qc5+ 40. Kg2 Qc7 41. g4 Qc5 42. Nc6 a5 43. Ne7+ Qxe7 44. Qd2 Qc5 45. Qf4 Qxb5 46. Qb8+ Kh7 47. g5 hxg5 48. h5 Qb2+ 49. Kg3 Qf6 50. Qd6 Qf4+ 51. Qxf4 gxf4+ 52. Kxf4 a4 53. Ke4 a3 0-1

[Event "*** Titled Tuesday Blitz"]
[Site "Chess.com"]
[Date "2018.11.06"]
[Round "1"]
[White "xamax2000"]
[Black "DanielNaroditsky"]
[Result "1/2-1/2"]
[WhiteElo "2496"]
[BlackElo "2976"]
[TimeControl "180+2"]
[EndTime "13:09:10 PST"]
[Termination "Game drawn by agreement"]

1. e4 e5 2. Nf3 Nc6 3. Bb5 a6 4. Ba4 Nf6 5. O-O Be7 6. Re1 b5 7. Bb3 d6 8. c3 O-O 9. h3 Na5 10. Bc2 c5 11. d4 Nd7 12. a4 Bb7 13. d5 c4 14. Be3 f5 15. exf5 Nf6 16. Ng5 Bxd5 17.
Na3 Qd7 18. Bb6 Nb3 19. Bxb3 cxb3 20. Ne6 Bxe6 21. fxe6 Qxe6 22. axb5 d5 23. Bd4 Ne4 24. Be3 Nxc3 25. Qxb3 Nxb5 26. Nxb5 axb5 27. Rxa8 Rxa8 28. Qxb5 Bd6 29. Bc5 Rc8 30. b4 Bxc5 31. bxc5 h6 32. Qb7 Rxc5 33. Qb8+ Rc8 34. Qxe5 Qxe5 35. Rxe5 Rc1+ 36.
Kh2 Rd1 37. Kg3 Kf7 38. f4 d4 39. Kf3 Kf6 40. Rd5 Rd2 41. g4 Rd3+ 42. Ke4 Rxh3 43. Rxd4 Rg3 44. Rd6+ Ke7 45. Rg6 Kf7 46. f5 Ra3 47. Kf4 Ra4+ 48. Kf3 Ra1 49. Kf4 Rg1 50. Kf3 Rh1 51. Kf4 h5 52. gxh5 Rxh5 53. Ra6 Rh1 54.
Ra7+ Kg8 55. Kg5 Rg1+ 56. Kf4 Rf1+ 57. Kg5 Kh7 58. Ra6 Rg1+ 59. Kf4 Rb1 60. Kg5 Rb5 61. Kf4 Rc5 62. Kg5 Rc1 63. Kf4 Rg1 64. Rb6 Kg8 65. Ra6 Kf7 66. Ra7+ Kg8 67. Ra6 Rb1 68. Kg5 Rb8 69. Ra7 Rb6 70. Ra1 Kf7 71. Ra7+ Kf8 72. Ra8+ Kf7 73. Ra7+ Kg8 74. Ra1 Rb2 75. Ra6 Rg2+ 76.
Kf4 Kh7 77. Rb6 Ra2 78. Kg5 Ra5 79. Kf4 Ra4+ 80. Kg5 Ra1 81. Kf4 Rg1 82. Ra6 Rb1 83.
Kg5 Rb7 84. Kf4 1/2-1/2

[Event "*** Titled Tuesday Blitz"]
[Site "Chess.com"]
[Date "2018.11.06"]
[Round "1"]
[White "Haykos"]
[Black "MishkaFighter"]
[Result "0-1"]
[WhiteElo "2516"]
[BlackElo "2332"]
[TimeControl "180+2"]
[EndTime "13:09:13 PST"]
[Termination "MishkaFighter won by resignation"]

1. e4 d6 2. Nc3 Nf6 3. Bc4 g6 4. d3 Bg7 5. Be3 Ng4 6. Bd2 c6 7. a4 Qb6 8. Nh3 Ne5 9. a5 Qc7 10.
Bb3 Bg4 11. f3 Nxf3+ 12. gxf3 Bxh3 13. Qe2 Nd7 14. f4 Nc5 15. Bc4 Rb8 16. Qf3 Be6 17. Bd5 cxd5 18. exd5 Bf5 19. O-O O-O 20.
Nb5 Qd7 21. Nc3 Rbc8 22. Rae1 Rfe8 23. Re2 Bg4 24. Qf2 Bxe2 25. Qxe2 e6 26. Qg2 exd5 27. Nxd5 Na4 28. b3 Nc3 29. Bxc3 Bxc3 30. f5 Bd4+ 31.
Kh1 Kh8 32. c4 Bg7 33. f6 Bf8 34. h4 Re5 35. d4 Rh5 36. Rf4 Re8 37. Kg1 Bh6 38.
Rg4 Qe6 39. Kh2 Qe2 40. Ne7 Qxg2+ 41. Kxg2 Bf8 42. Nd5 Rf5 43. Kg3 h5 44. Rg5 Rxg5+ 45. hxg5 Re2 46. Kf4 Rb2 47. b4 Rc2 48. c5 dxc5 49.
bxc5 Bxc5 50. dxc5 Rxc5 51. Ke5 Rxa5 52. Kd6 Rxd5+ 53.
Kxd5 h4 54. Ke4 a5 55. Kf4 a4 56. Kg4 a3 57. Kxh4 a2 0-1